 Dungeon Crawl Stone Soup version 0.24-a0-789-g35933f4585 (webtiles) character file.

Game seed: 1324435942132142343, levelgen mode: deterministic

20 Kohma the Shield-Bearer (level 3, -2/29 HPs)
             Began as a Formicid Fighter on Oct 10, 2019.
             Slain by a gnoll
             ... wielding a +0 spear
              (7 damage)
             ... on level 2 of the Dungeon.
             The game lasted 00:01:40 (904 turns).

Kohma the Shield-Bearer (Formicid Fighter)           Turns: 904, Time: 00:01:41

Health: -2/29      AC:  9    Str: 26    XL:     3   Next: 0%
Magic:  3/3        EV:  6    Int:  7    God:
Gold:   117        SH: 10    Dex: 10    Spells: 2/2 levels left

rFire    . . .     SeeInvis +   a - +0 war axe
rCold    . . .     Gourm    .   c - +0 shield
rNeg     . . .     Faith    .   e - +0 chain mail
rPois    .         Spirit   .   (helmet unavailable)
rElec    .         Reflect  .   (no cloak)
rCorr    .         Harm     .   (no gloves)
MR       .....                  (no boots)
Stlth    ..........             (no amulet)
HPRegen  0.09/turn              (no ring)
MPRegen  0.08/turn              (no ring)

@: mighty
A: permanent stasis, dig shafts and tunnels, four strong arms, antennae 3
a: Dig, Shaft Self


You were on level 2 of the Dungeon.
You were not hungry.

You visited 1 branch of the dungeon, and saw 2 of its levels.

You collected 117 gold pieces.

Inventory:

Hand Weapons
 a - a +0 war axe (weapon)
Missiles
 b - 9 sling bullets
 g - 151 stones (quivered)
 n - 3 curare-tipped darts
Armour
 c - a +0 shield (worn)
 e - a +0 chain mail (worn)
Jewellery
 l - a +4 ring of slaying {unknown}
Scrolls
 i - a scroll of remove curse {unknown}
 j - a scroll of enchant weapon {unknown}
Potions
 k - a potion of lignification {unknown}
 m - a potion of curing {unknown}
Comestibles
 f - 3 rations
 h - 6 chunks of flesh


   Skills:
 - Level 3.2 Fighting
 + Level 3.2 Axes
 - Level 3.2 Armour
 - Level 3.6 Shields


You had 2 spell levels left.
You didn't know any spells.
Your spell library was empty.

Dungeon Overview and Level Annotations

Branches:
Dungeon (2/15)

Altars:


Innate Abilities, Weirdness & Mutations

You cannot be hasted, slowed, berserked, paralysed or teleported.
You can dig through walls and to a lower floor.
Your four strong arms can wield two-handed weapons with a shield.
You have a pair of large antennae on your head. (SInv)


Message History

The gnoll hits you with a +0 club.
You hit the gnoll.
The gnoll is heavily wounded.
The gnoll hits you but does no damage. x2
The gnoll hits you from afar with a +0 spear.
* * * LOW HITPOINT WARNING * * *
The gnoll hits you but does no damage.
The gnoll hits you from afar with a +0 spear.
* * * LOW HITPOINT WARNING * * *
The gnoll hits you but does no damage.
You closely miss the gnoll. The gnoll hits you with a +0 spear.
* * * LOW HITPOINT WARNING * * *
You feel very mighty all of a sudden. The gnoll hits you with a +0 spear.
* * * LOW HITPOINT WARNING * * *
A worm comes into view.
You slash the gnoll!
The gnoll is severely wounded.
The gnoll closely misses you. The gnoll hits you with a +0 spear!
You die...

≈≈≈≈≈≈..≈≈≈≈≈≈≈
≈≈≈≈≈≈..≈≈≈≈≈≈≈
≈≈≈≈≈≈..≈≈≈≈≈≈≈
≈≈≈≈≈g.[≈≈≈≈≈≈#
#≈w≈≈g.g≈≈≈≈≈#
##≈≈≈≈..≈≈≈≈##
##≈≈≈.{≈≈≈##
####''######
#ggg@...+
#######.#######
...............
#######.#######
........######
######.)...(.#
#.#####.# ...
#.# #### #.#


You could see a worm and 3 gnolls.

Vanquished Creatures
  2 giant cockroaches (D:2)
  3 goblins
  3 hobgoblins (D:1)
  4 bats
  2 frilled lizards (D:1)
  2 kobolds
  2 rats
18 creatures vanquished.

Notes
Turn   | Place    | Note
-------+----------+-------------------------------------------
     0 | D:1      | Kohma the Formicid Fighter began the quest for the Orb.
     0 | D:1      | Reached XP level 1. HP: 18/18 MP: 1/1
   488 | D:1      | Reached XP level 2. HP: 24/24 MP: 2/2
   894 | D:2      | Reached XP level 3. HP: 19/29 MP: 3/3
   904 | D:2      | Slain by a gnoll

Levels and vault maps discovered:
D:1:      minmay_arrival_widening_spiral_wide, layout_basic, minmay_pentomino_q4
D:2:      kennysheep_big_flooded_room, layout_basic, minitemple, first_ration

Skill      XL: |  1  2 |
---------------+-------+-----
Axes           | 3 |  3.2
Fighting       | |  3.2
Armour         | |  3.2
Shields        | |  3.6

Action                   || total
-------------------------++-------
Melee: War axe           ||    52
  Use: Potion            ||     1
Armor: Chain mail        ||    40
Dodge: Dodged            ||    16
Block: Shield            ||    34

Table legend:
 A = Non-vault XP
 B = Vault XP
 C = Vault XP percentage of total XP
 D = Non-vault monster count
 E = Vault monster count
 F = Vault count percentage of total count
                 A         B        C        D         E       F
            +---------+---------+-------+---------+---------+-------
      Total |      23 |       6 |  20.7 |      14 |       4 |  22.2
            +---------+---------+-------+---------+---------+-------
        D:1 |      16 |       2 |  11.1 |      10 |       2 |  16.7
        D:2 |       7 |       4 |  36.4 |       4 |       2 |  33.3
            +---------+---------+-------+---------+---------+-------
